 Dungeon Crawl Stone Soup version 0.27-a0-1180-g7fc4abc71e (webtiles) character file.

Game seed: 11758558927319129790

656 Delamore the Cudgeller (level 7, -3/44 HPs)
             Began as a Gargoyle Fighter on May 17, 2021.
             Was an Initiate of Okawaru.
             Killed by divine providence
             ... invoked by an orc priest
              (12 damage)
             ... on level 6 of the Dungeon.
             The game lasted 00:03:58 (5736 turns).

Delamore the Cudgeller (Gargoyle Fighter)           Turns: 5736, Time: 00:03:58

Health: -3/44      AC: 14    Str: 21    XL:     7   Next: 55%
Magic:  0/7        EV:  8    Int:  9    God:    Okawaru [......]
Gold:   1837       SH:  9    Dex:  9    Spells: 6/6 levels left

rFire    . . .     SeeInvis .   a - +0 flail
rCold    + . .     Faith    .   c - +0 kite shield
rNeg     + . .     Spirit   +   s - +3 ring mail "Kukanaeg" {rC+}
rPois    ∞         Reflect  .   (no helmet)
rElec    +         Harm     .   (no cloak)
rCorr    .         Rampage  .   (no gloves)
Will     .....                  g - +0 pair of boots
Stlth    ..........             f - amulet of guardian spirit
HPRegen  0.14/turn              (no ring)
MPRegen  0.10/turn              (no ring)

@: no status effects
A: sickness immunity, AC +4, negative energy resistance 1, electricity
resistance, torment resistance 1, petrification resistance
a: Renounce Religion


You were on level 6 of the Dungeon.
You worshipped Okawaru.
Okawaru was noncommittal.
You visited 1 branch of the dungeon, and saw 6 of its levels.

You collected 1837 gold pieces.

Inventory:

Hand Weapons
 a - a +0 flail (weapon)
Missiles
 r - 32 poisoned darts (quivered)
Armour
 b - a +0 scale mail
 c - a +0 kite shield (worn)
 g - a +0 pair of boots (worn)
 s - the +3 ring mail "Kukanaeg" (worn) {rC+}
   (You found it on level 4 of the Dungeon)

   It protects you from cold.
Jewellery
 f - an amulet of guardian spirit (around neck)
Wands
 v - a wand of polymorph (6)
Scrolls
 h - a scroll of enchant armour
 j - 2 scrolls of teleportation {unknown}
 m - 3 scrolls of amnesia {unknown}
 t - a scroll of enchant weapon {unknown}
 u - a scroll of fog {unknown}
 w - a scroll of noise {unknown}
Potions
 d - a potion of might
 e - 4 potions of curing
 i - 4 potions of lignification
 l - 4 potions of heal wounds
 n - a potion of brilliance {unknown}
 o - a potion of haste {unknown}
 p - a potion of berserk rage {unknown}
 q - 2 potions of ambrosia {unknown}


   Skills:
 - Level 5.0 Fighting
 + Level 6.6 Maces & Flails
 - Level 3.2 Armour
 - Level 5.0 Shields


You had 6 spell levels left.
You didn't know any spells.
Your spell library contained the following spells:

 Spells                   Type           Power      Damage    Failure   Level
 Animate Skeleton         Necr           0%         N/A       94%         1
 Corona                   Hex            0%         N/A       94%         1
 Magic Dart               Conj           0%         1d3       94%         1
 Pain                     Necr           0%         1d4       94%         1
 Blink                    Tloc           N/A        N/A       98%         2
 Call Imp                 Summ           0%         N/A       98%         2
 Ensorcelled Hibernation  Hex/Ice        0%         N/A       98%         2
 Slow                     Hex            0%         N/A       98%         2
 Confusing Touch          Hex            0%         N/A       100%        3
 Conjure Flame            Conj/Fire      0%         6-21      100%        3
 Dazzling Flash           Conj/Hex       0%         N/A       100%        3
 Mephitic Cloud           Conj/Pois/Air  0%         N/A       100%        3
 Tukima's Dance           Hex            0%         N/A       100%        3
 Vampiric Draining        Necr           0%         2d6       100%        3
 Animate Dead             Necr           0%         N/A       100%        4
 Agony                    Necr           0%         N/A       100%        5


Dungeon Overview and Level Annotations

Branches:
Dungeon (6/15)
 Temple: D:4-7

Altars:
Cheibriados
Okawaru
Vehumet


Innate Abilities, Weirdness & Mutations

You are immune to sickness and miasma.
Your stone body is resilient. (AC +4)
You are immune to poison.
You resist negative energy. (rN+)
You are resistant to electric shocks. (rElec)
You are resistant to unholy torment.
You are immune to petrification.


Message History

The orc shouts!
You hit the orc.
The orc is moderately wounded.
The orc priest looks encouraged for a moment.
The orc hits you but does no damage.
You sock the orc!
You kill the orc!
Okawaru accepts your kill.
The orc priest mumbles some strange prayers to Beogh against you.
Beogh smites you!
The orc wizard points at itself and mumbles some strange words.
The orc wizard flickers and vanishes!
Deactivating autopickup; reactivate with Ctrl-A.
You block the orc warrior's attack. The orc priest closely misses you.
You hit the orc priest.
The orc priest is moderately wounded.
The orc warrior hits you but does no damage.
You block the orc's attack.
The orc priest calls down the wrath of Beogh upon you.
Beogh smites you!
The orc warrior hits you from afar with a +0 glaive!
* * * LOW HITPOINT WARNING * * *
You are too injured to fight recklessly!
You are too injured to fight recklessly!
You are too injured to fight recklessly!
You are too injured to fight recklessly!
You are too injured to fight recklessly!
You are too injured to fight recklessly!
You are too injured to fight recklessly!
Okay, then.
The orc wizard hits you but does no damage.
You hear some strange, mumbled words.
Something tries to affect you, but you resist.
The orc wizard hits you but does no damage.
The orc warrior barely misses you.
The orc wizard points at itself and mumbles some strange words.
The orc wizard flickers and vanishes!
The orc priest mumbles some strange prayers to Beogh against you.
Beogh smites you!
You die...

.##......o#........ ..
#......#.o.......
...##....###......#
....#....o..o.....#
....#.......o....###
..................#
..##.........#.#.#..
..........o######.# .
#............@.###)...
###.....###.##.........
.
.........##..##........
.......#..#..##.##.....
......#......#..>......
......##.##.....###....
....#.....##.....# ....
.......<....†..#.......
..........##.........


You could see an orc warrior, 3 orc priests and an orc.

Vanquished Creatures
  A black bear (D:6)
  An ogre (D:5)
  A bullfrog (D:4)
  A scorpion (D:6)
  A centaur zombie (D:6)
  A jelly (D:3)
  A hound (D:5)
  Jessica (D:3)
  2 iguanas (D:4)
  A hound zombie (D:5)
  3 gnolls (D:5)
  6 adders
  An ufetubus (D:4)
  2 worms (D:2)
  2 orcs
  10 endoplasms
  4 giant cockroaches
  3 goblins
  5 hobgoblins
  6 jackals
  8 quokkas
  4 ball pythons
  6 bats
  4 frilled lizards
  10 kobolds
  5 rats
90 creatures vanquished.

Vanquished Creatures (others)
  A plant (D:3)
1 creature vanquished.

Grand Total: 91 creatures vanquished

Notes
Turn   | Place    | Note
-------+----------+-------------------------------------------
     0 | D:1      | Delamore the Gargoyle Fighter began the quest for the Orb.
     0 | D:1      | Reached XP level 1. HP: 14/14 MP: 1/1
   351 | D:1      | Reached XP level 2. HP: 19/19 MP: 2/2
   707 | D:1      | Found a faded altar of an unknown god.
  1154 | D:1      | Reached XP level 3. HP: 13/24 MP: 3/3
  2039 | D:2      | Reached XP level 4. HP: 28/29 MP: 2/4
  2105 | D:2      | Noticed a sky beast
  2208 | D:3      | Noticed Jessica
  2236 | D:3      | Killed Jessica
  2237 | D:3      | Reached skill level 3 in Maces & Flails
  2388 | D:3      | Reached XP level 5. HP: 21/34 MP: 3/5
  3707 | D:4      | Reached skill level 5 in Fighting
  3707 | D:4      | Reached skill level 4 in Maces & Flails
  3707 | D:4      | Reached skill level 5 in Shields
  3707 | D:4      | Reached XP level 6. HP: 26/40 MP: 4/6
  3867 | D:4      | Identified the +3 ring mail "Kukanaeg" {rC+}
  4338 | D:5      | Entered Level 5 of the Dungeon
  4803 | D:5      | Reached skill level 5 in Maces & Flails
  4803 | D:5      | Reached XP level 7. HP: 9/44 MP: 2/7
  5075 | D:5      | Identified 2 scrolls of acquirement
  5086 | D:5      | Acquired 617 gold pieces
  5087 | D:5      | Acquired 1014 gold pieces
  5296 | D:5      | Found a snail-covered altar of Cheibriados.
  5296 | D:5      | Found a radiant altar of Vehumet.
  5296 | D:5      | Found an iron altar of Okawaru.
  5336 | D:5      | Became a worshipper of Warmaster Okawaru
  5531 | D:6      | Reached skill level 6 in Maces & Flails
  5736 | D:6      | Killed from afar by an orc priest

Illustrated notes

Levels and vault maps discovered:
D:1:      eino_arrival_cavern_c, layout_loops_corners,
          chequers_ecumenical_altar_simple, wad_floor_pattern_untrapped
D:2:      layout_basic
D:3:      layout_basic, corexii_shack, uniq_jessica
D:4:      layout_loops_ring
D:5:      layout_loops_ring, gammafunk_temple_overflow_claw
D:6:      layout_cave_pools, uniq_eustachio

Skill      XL: |  1  2  3  4  5  6  7 |
---------------+----------------------+-----
Shields        | 4 5 |  5.0
Fighting       | 4 5 |  5.0
Maces & Flails | 3 4 5 6 |  6.6
Armour         | |  3.2

Action                   |  1- 3 |  4- 6 |  7- 9 || total
-------------------------+-------+-------+-------++-------
Melee: Flail             |   155 |   216 |    59 ||   430
  Use: Scroll            |       |       |     7 ||     7
Armor: Scale mail        |   130 |    85 |       ||   215
       Ring mail         |       |    20 |    55 ||    75
Dodge: Dodged            |    58 |    75 |    31 ||   164
Block: Kite shield       |    94 |   126 |    31 ||   251

Table legend: (Time is in decaauts)
 A = Elapsed time spent in this place.
 B = Non-inter-level travel time spent in this place.
 C = Inter-level travel time spent in this place.
 D = Time resting spent in this place.
 E = Time spent auto-exploring this place.
 F = Levels seen in this place.
 G = Mean time per level.
                   A        B        C        D        E       F      G
               +--------+--------+--------+--------+--------+-----+--------+
         Total |   5927 |   5753 |    174 |    358 |   4431 |   6 |  987.8 |
       Dungeon |   5927 |   5753 |    174 |    358 |   4431 |   6 |  987.8 |
               +--------+--------+--------+--------+--------+-----+--------+

Top non-repeatable levels by time:
     D:1: 1722 daAuts
     D:5: 1192 daAuts
     D:4: 951 daAuts
     D:2: 940 daAuts
     D:3: 883 daAuts
     D:6: 237 daAuts
